 Dungeon Crawl Stone Soup version 0.28-a0-828-g0121872642 (webtiles) character file.

Game seed: 10590274323129593540

34208 vurker the Eclecticist (level 13, -1/64 HPs)
             Began as a Felid Air Elementalist on Nov 10, 2021.
             Was an Elder of Vehumet.
             Slain by a two-headed ogre (20 damage)
             ... on level 15 of the Dungeon on Nov 11, 2021.
             The game lasted 01:03:19 (46022 turns).

vurker the Eclecticist (Felid Air Elementalist)    Turns: 46022, Time: 01:03:19

Health: -1/64      AC:  3    Str:  4    XL:     13   Next: 40%
Magic:  21/33      EV: 23    Int: 21    God:    Vehumet [****..]
Gold:   2239       SH:  0    Dex: 17    Spells: 20/42 levels left
                                        Lives:  0   Deaths: 4

rFire   + . .      SeeInvis +   (weapon unavailable)
rCold   + . .      Faith    .   (shield unavailable)
rNeg    . . .      Spirit   .   (armour unavailable)
rPois   .          Reflect  .   (helmet unavailable)
rElec   .          Harm     .   (cloak unavailable)
rCorr   .          Rampage  .   (gloves unavailable)
Will    +....                   (boots unavailable)
Stlth   +++++.....              s - amulet of magic regeneration
HPRegen 0.20/turn               r - ring of protection from fire
MPRegen 0.48/turn               j - ring of Shadows {Umbra +Inv Stlth+}

@: wreathed by umbra, quick
A: very small, claws 1, fangs 3, see invisible, speed 1, shaggy fur 3, stealthy
paws, no weapons or thrown items, no armour, multi-lived
a: Renounce Religion, Evoke Invisibility


You were on level 15 of the Dungeon.
You worshipped Vehumet.
Vehumet was greatly pleased with you.
You visited 4 branches of the dungeon, and saw 24 of its levels.
You also visited: Ossuary, Gauntlet and Ice Cave.

You collected 2375 gold pieces.
You spent 136 gold pieces at shops.

Inventory:

Jewellery
 j - the ring of Shadows (right paw) {Umbra +Inv Stlth+}
   (You found it in a Gauntlet)

   [ring of stealth]

   It surrounds you with an aura of shadow, increasing your stealth and reducing
   the accuracy of all within it (including the wearer).
   +Inv:      It lets you turn invisible.
   Stlth:     It makes you more stealthy.
 r - a ring of protection from fire (left paw)
   (You found it on level 3 of the Lair of Beasts)
 s - an amulet of magic regeneration (around neck)
   (You found it on level 7 of the Dungeon)
 A - a ring of ice
   (You found it on level 6 of the Lair of Beasts)
Wands
 d - a wand of iceblast (25)
   (You found it in a Gauntlet)
 i - a wand of mindburst (42)
   (You found it on level 2 of the Dungeon)
 t - a wand of flame (55)
   (You found it on level 6 of the Dungeon)
 u - a wand of paralysis (19)
   (You found it on level 5 of the Lair of Beasts)
 v - a wand of digging (18)
   (You found it on level 5 of the Dungeon)
 x - a wand of acid (9)
   (You found it on level 5 of the Dungeon)
 C - a wand of polymorph (7)
   (You found it on level 14 of the Dungeon)
Scrolls
 a - 6 scrolls of teleportation
 c - 3 scrolls of fog
 w - 2 scrolls of magic mapping
 z - 3 scrolls of immolation
 B - 3 scrolls of identify
Potions
 b - a potion of heal wounds
 e - 7 potions of haste
 f - 7 potions of attraction
 g - 5 potions of ambrosia
 h - 2 potions of lignification
 k - 2 potions of resistance
 l - 2 potions of invisibility
 m - 10 potions of cancellation
 n - 4 potions of brilliance
 o - 2 potions of mutation
 p - 4 potions of flight
 q - 6 potions of curing


   Skills:
 + Level 11.7 Fighting
 - Level 10.0 Dodging
 - Level 2.6 Stealth
 * Level 15.1 Spellcasting
 - Level 3.0 Conjurations
 * Level 10.1 Ice Magic
 + Level 13.7 Air Magic
 - Level 3.0 Poison Magic


You had 20 spell levels left.
You knew the following spells:

 Your Spells              Type           Power      Damage    Failure   Level
a - Shock                 Conj/Air       100%       1d9       1%          1
b - Ozocubu's Refrigerat  Ice            27%        4d10      13%         7
c - Airstrike             Air            32%        N/A       1%          4
d - Conjure Ball Lightni  Conj/Air       25%        3x3d7     5%          6
q - Olgreb's Toxic Radia  Pois           28%        N/A       3%          4

Your spell library contained the following spells:

 Spells                   Type           Power      Damage    Failure   Level
 Foxfire                  Conj/Fire      88%        2x1d8     1%          1
 Freeze                   Ice            100%       1d11      1%          1
 Magic Dart               Conj           100%       1d8       1%          1
 Sting                    Tmut/Pois      88%        1d7       1%          1
 Ensorcelled Hibernation  Hex/Ice        74%        N/A       1%          2
 Poisonous Vapours        Pois/Air       100%       N/A       1%          2
 Scorch                   Fire           30%        2d7       1%          2
 Searing Ray              Conj           56%        2d6       1%          2
 Static Discharge         Conj/Air       50%        N/A       1%          2
 Dazzling Flash           Conj/Hex       44%        N/A       1%          3
 Frozen Ramparts          Ice            100%       1d12      1%          3
 Ozocubu's Armour         Ice            55%        N/A       1%          3
 Stone Arrow              Conj/Erth      44%        3d9       1%          3
 Swiftness                Air            65%        N/A       1%          3
 Hailstorm                Conj/Ice       43%        3d10      1%          4
 Freezing Cloud           Conj/Ice/Air   26%        6-21      1%          5
 Animate Skeleton         Necr           30%        N/A       3%          1
 Apportation              Tloc           30%        N/A       3%          1
 Summon Small Mammal      Summ           60%        N/A       3%          1
 Summon Ice Beast         Ice/Summ       37%        N/A       4%          4
 Fulminant Prism          Conj/Hex       11%        3d9       5%          4
 Iskenderun's Mystic Bla  Conj/Tloc      22%        2d6       5%          4
 Sticky Flame             Conj/Fire      22%        2d4       5%          4
 Passwall                 Tmut/Erth      12%        N/A       6%          2
 Spider Form              Tmut/Pois      22%        N/A       6%          3
 Silence                  Hex/Air        22%        N/A       6%          5
 Tukima's Dance           Hex            15%        N/A       12%         3
 Metabolic Englaciation   Hex/Ice        18%        N/A       13%         5
 Lee's Rapid Deconstruct  Erth           7%         3d8*      26%         5
 Passage of Golubria      Tloc           15%        N/A       36%         4
 Simulacrum               Ice/Necr       18%        N/A       58%         6
 Starburst                Conj/Fire      11%        6d5       58%         6
 Ignition                 Fire           7%         3d5       100%        8
 Lehudib's Crystal Spear  Conj/Erth      11%        10d4      100%        8
 Animate Armour           Summ/Erth      Unusable   N/A       N/A         4

Dungeon Overview and Level Annotations

Branches:
Dungeon (15/15)            Temple (1/1) D:7            Lair (6/6) D:8
  Swamp (0/4) Lair:4       Spider (0/4) Lair:2        Slime (0/5) Lair:6
    Orc (2/2) D:9             Elf (0/3) Orc:2        Vaults (0/5) D:14
Ossuary (visited)           IceCv (visited)         Gauntlet (visited)
 Depths: D:15

Altars:
Cheibriados
Dithmenos
Elyvilon
Fedhas
Gozag
Makhleb
Okawaru
Qazlal
Sif Muna
Uskayaw
Vehumet
Wu Jian
Xom
The Shining One
Jiyva

Shops:
D:7 [   D:12 *   Orc:2 ((?=:

Portals:
Abyss: D:3

Annotations:
D:3 2 transporters, kae's ghost, amateur MfSu
D:12 3 runed translucent doors, Tungsten's ghost, journeyman NaEn
Lair:1 2 transporters, vurker's ghost, journeyman TeAE
Lair:3 1 runed translucent door, Crownlay's ghost, journeyman HOFi
Lair:6 2 runed translucent doors
Orc:1 1 transporter


Innate Abilities, Weirdness & Mutations

You have sharp claws.
You have razor-sharp teeth.
You have supernaturally acute eyesight. (SInv)
You cover ground quickly. (Speed+)
Your thick and shaggy fur keeps you warm. (AC +3, rC+)
Your paws help you pounce on unaware monsters.
You are incapable of wielding weapons or throwing items.
You cannot wear armour.
You gain extra lives every three experience levels.


Message History

The two-headed ogre closely misses you. The two-headed ogre closely misses you.
The two-headed ogre hits you with a +0 giant club!!
* * * LOW HITPOINT WARNING * * *
Unknown command.
Aim: a two-headed ogre, wielding two +0 giant clubs (almost dead, fast, umbra, empty space bonus: 1/8)
The air twists around and strikes the two-headed ogre!
You kill the two-headed ogre!
Vehumet accepts your kill.
Aim: an ogre mage, wielding a +0 flail and wearing a +0 robe (moderately wounded, slightly transparent, umbra, empty space bonus: 2/8)
The air twists around and strikes the ogre mage!
Aim: an ogre mage, wielding a +0 flail and wearing a +0 robe (heavily wounded, slightly transparent, umbra, empty space bonus: 1/8)
The air twists around and strikes the ogre mage!
A two-headed ogre comes into view.
It is wielding a +0 giant spiked club and a +0 giant club.
Aim: an ogre mage, wielding a +0 flail and wearing a +0 robe (severely wounded, slightly transparent, umbra, 78% to hit)
The zap hits the ogre mage. x2; The ogre mage barely misses you.
Aim: an ogre mage, wielding a +0 flail and wearing a +0 robe (almost dead, slightly transparent, umbra, 78% to hit)
The zap hits the ogre mage.
The zap hits the two-headed ogre. x2
The zap hits the ogre mage!
You kill the ogre mage!
Vehumet accepts your kill.
You feel your power returning.
The two-headed ogre hits you with a +0 giant club!!
* * * LOW HITPOINT WARNING * * *
The two-headed ogre closely misses you.
You hear two shouts!
Blink to where?
As you read the scroll of blinking, it crumbles to dust.
A skeletal warrior comes into view. It is wielding a +0 glaive.
You see here an ugly thing corpse.
A skeletal warrior comes into view. It is wielding a +4 flail.
The skeletal warrior barely misses you.
The skeletal warrior closely misses you.
You see here a +0 giant spiked club.
Items here: ))) [.
You see here a +0 giant spiked club.
Things that are here:
a +0 giant club; a +0 dire flail
Things that are here:
a +0 giant club; a +0 giant club
Aim: a two-headed ogre, wielding a +0 giant spiked club and a +0 giant club (umbra, empty space bonus: 6/8)
The air twists around and strikes the two-headed ogre!
Aim: a two-headed ogre, wielding a +0 giant spiked club and a +0 giant club (moderately wounded, umbra, empty space bonus: 6/8)
The air twists around and strikes the two-headed ogre!!
Aim: a two-headed ogre, wielding a +0 giant spiked club and a +0 giant club (severely wounded, umbra, empty space bonus: 5/8)
The air twists around and strikes the two-headed ogre!
Aim: a two-headed ogre, wielding a +0 giant spiked club and a +0 giant club (almost dead, umbra, empty space bonus: 1/8)
The air twists around and strikes the two-headed ogre.
The two-headed ogre hits you with a +0 giant spiked club!!
You die...

#..# ###.#.######.# #..# ###
#..#### #..........#.####..####..
#.....###.#.#)####)#............#
.(###.........# #.#######<##.#.#
#.# #........## #.# #.##.#..
..###.###.#.)# #.# #.##.#.#
#..[).# #.#..# #.# #.##.# #.#####
#.#..#####.# #.##.# #O#
#......O@..# #.##.# #.#
###..#############.##.# #†#
#...[.....uu.....##.# #.#
##.################.# #.# #.#
##### #.#
#.##########.######...#######.#
#......................(......#
#......#####.######...#########
##.##### #..# ##.## #######


You could see a two-headed ogre.

Vanquished Creatures
  Donald (Orc:2)
  Snorg (Lair:2)
  9 hydras
  3 boulder beetles
  4 ogre magi
  2 centaur warriors
  A death yak (Lair:4)
  18 two-headed ogres
  A tengu warrior (D:14)
  3 orc high priests (Orc:2)
  A skeletal warrior (D:15)
  A goliath frog (shapeshifter) (D:15)
  A bog body (Lair:4)
  A deep elf pyromancer (D:15)
  2 lindwurms
  5 orc knights (Orc:2)
  8 oklob plants
  13 ugly things
  4 orc sorcerers
  2 wolf spiders
  2 manticores
  2 cyclopes
  An elephant (Lair:4)
  7 black mambas
  A torpor snail (Lair:6)
  17 cane toads
  A gargoyle (D:11)
  2 molten gargoyles (Lair:6)
  2 kobold demonologists (D:9)
  An unseen horror (D:10)
  A rime drake (Lair:2)
  An ice devil (IceCv)
  3 yaktaurs (D:14)
  14 komodo dragons
  3 meliai (Lair:4)
  8 polar bears
  A queen bee (Lair:4)
  7 trolls
  4 dream sheep (Lair:6)
  A hornet (D:9)
  12 slime creatures
  12 blink frogs
  7 shadows
  2 vampires
  A redback (Lair:2)
  8 basilisks
  10 wyverns
  2 wraiths (D:10)
  24 yaks
  13 vampire mosquitoes
  5 steam dragons
  Edmund (D:5)
  3 wargs
  19 water moccasins
  4 acid dragons
  5 hell hounds (Lair:6)
  A floating eye (D:10)
  Duvessa (D:7)
  13 orc warriors
  A sky beast (D:8)
  A hornet zombie (D:8)
  2 ice beasts
  17 ogres
  A boggart (D:14)
  2 black bears
  2 necrophages (D:7)
  16 wolves
  9 centaurs
  A phantom (D:6)
  An elf zombie (Ossuary)
  9 kobold brigands
  13 bullfrogs
  A cane toad simulacrum (IceCv)
  A scorpion (D:3)
  Dowan (D:7)
  A water moccasin skeleton (D:7)
  30 killer bees
  An elephant simulacrum (IceCv)
  9 wights
  6 electric eels
  6 howler monkeys
  4 lava snakes (Lair:6)
  4 centaur zombies
  A human zombie (Ossuary)
  3 hounds
  5 orc priests
  A gnoll shaman (D:8)
  4 jellies
  A bullfrog skeleton (D:4)
  2 centaur skeletons
  2 iguanas (D:5)
  10 orc wizards
  A troll simulacrum (IceCv)
  A hell rat (Lair:4)
  A spriggan simulacrum (IceCv)
  3 small abominations (Gauntlet)
  A killer bee zombie (D:7)
  2 mummies (Ossuary)
  6 gnolls
  12 adders
  2 naga simulacra (IceCv)
  A white imp (IceCv)
  2 ufetubi
  2 adder zombies (Ossuary)
  An adder skeleton (D:4)
  A worm (D:3)
  A dart slug (D:4)
  37 orcs
  6 ball pythons
  7 bats
  6 endoplasms
  4 giant cockroaches
  7 goblins
  5 hobgoblins
  7 jackals
  15 kobolds
  3 quokkas
  2 frilled lizards (D:2)
  A goblin zombie (Ossuary)
  12 hobgoblin zombies (Ossuary)
  A jackal zombie (Ossuary)
  10 kobold zombies (Ossuary)
  7 orc zombies (Ossuary)
  3 rats
  2 rat zombies (Ossuary)
643 creatures vanquished.

Vanquished Creatures (others)
  An unseen horror (D:10)
  A hound skeleton (D:5)
  79 fungi
  132 plants
  A withered plant (D:7)
214 creatures vanquished.

Grand Total: 857 creatures vanquished

Notes
Turn   | Place    | Note
-------+----------+-------------------------------------------
     0 | D:1      | vurker the Felid Air Elementalist began the quest for the
                  | Orb.
     0 | D:1      | Reached XP level 1. HP: 7/7 MP: 4/4
   116 | D:1      | Reached skill level 1 in Conjurations
   220 | D:1      | Reached XP level 2. HP: 12/12 MP: 1/6
   659 | D:2      | Found a faded altar of an unknown god.
   677 | D:2      | Reached XP level 3. HP: 15/15 MP: 2/7
   925 | D:2      | Reached skill level 1 in Fighting
  1750 | D:2      | Reached XP level 4. HP: 19/19 MP: 5/9
  2278 | D:3      | Found a one-way gate to the infinite horrors of the Abyss.
  2278 | D:3      | Noticed kae's ghost (amateur MfSu)
  2298 | D:3      | Reached skill level 3 in Spellcasting
  2527 | D:3      | Noticed a scorpion
  2567 | D:3      | Killed a scorpion
  2568 | D:3      | Reached XP level 5. HP: 9/22 MP: 3/10
  2772 | D:3      | Noticed a small abomination
  2781 | D:3      | Found a transporter.
  3079 | D:3      | Found a transporter.
  3197 | D:4      | Identified a scroll of acquirement
  3197 | D:4      | Acquired Ytwecuw's Incunabulum of Flamy Venom
  3520 | D:4      | Found a sand-covered staircase.
  3529 | Ossuary  | Entered an ossuary
  4413 | Ossuary  | Gained mutation: You are covered in thick fur. (AC +2)
                  | [Felid growth]
  4413 | Ossuary  | Reached XP level 6. HP: 13/26 MP: 0/12
  4974 | D:4      | Reached skill level 4 in Spellcasting
  5333 | D:4      | Reached XP level 7. HP: 30/30 MP: 10/14
  5417 | D:4      | Learned a level 4 spell: Airstrike
  6011 | D:5      | Entered Level 5 of the Dungeon
  6467 | D:5      | Noticed Edmund
  6474 | D:5      | Reached skill level 5 in Air Magic
  6493 | D:5      | Killed Edmund
  6793 | D:5      | Reached skill level 5 in Spellcasting
  7181 | D:5      | Noticed a two-headed ogre
  7219 | D:5      | Killed a two-headed ogre
  7220 | D:5      | Reached skill level 6 in Spellcasting
  7220 | D:5      | Reached XP level 8. HP: 36/36 MP: 7/18
  7963 | D:6      | Reached XP level 9. HP: 40/40 MP: 16/20
  8441 | D:6      | Reached skill level 5 in Fighting
  8626 | D:6      | Reached skill level 7 in Spellcasting
  9151 | D:7      | Found a staircase to the Ecumenical Temple.
  9157 | Temple   | Entered the Ecumenical Temple
  9207 | Temple   | Became a worshipper of Vehumet
  9225 | D:7      | Noticed Dowan
  9226 | D:7      | Noticed Duvessa
  9982 | D:7      | Found Qelicvia's Armour Shop.
 10053 | D:7      | Reached skill level 8 in Spellcasting
 10108 | D:7      | Killed Duvessa
 10109 | D:7      | Reached skill level 5 in Dodging
 10147 | D:7      | Killed Dowan
 10271 | D:8      | Reached XP level 10. HP: 45/45 MP: 1/23
 10810 | D:8      | Found a staircase to the Lair.
 10938 | D:8      | Reached * piety under Vehumet
 10938 | D:8      | Offered knowledge of Sandblast by Vehumet.
 11160 | D:8      | Found an ornate altar of the Wu Jian Council.
 11857 | D:9      | Identified the +6 mace of Integrity {flame, Will+ Int+4}
 11975 | D:8      | Reached skill level 9 in Spellcasting
 12249 | D:9      | Noticed a two-headed ogre
 12254 | D:9      | Killed a two-headed ogre
 12442 | D:9      | Found a staircase to the Orcish Mines.
 12580 | D:9      | Reached XP level 11. HP: 25/50 MP: 22/25
 12937 | D:10     | Entered Level 10 of the Dungeon
 13377 | D:10     | Noticed a two-headed ogre
 13399 | D:10     | Reached ** piety under Vehumet
 13399 | D:10     | Offered knowledge of Poisonous Vapours by Vehumet.
 13549 | D:10     | Killed a two-headed ogre
 13550 | D:10     | Reached skill level 10 in Air Magic
 13927 | D:10     | Noticed a two-headed ogre
 13927 | D:10     | Noticed a two-headed ogre
 14059 | D:10     | Reached skill level 10 in Spellcasting
 14207 | D:10     | Killed a two-headed ogre
 14260 | D:10     | Killed a two-headed ogre
 14890 | D:11     | Noticed a five-headed hydra
 14895 | D:11     | Killed a five-headed hydra
 14979 | D:11     | Noticed a two-headed ogre
 14998 | D:11     | Killed a two-headed ogre
 15069 | D:11     | Noticed an eight-headed hydra
 15081 | D:11     | Killed an eight-headed hydra
 15131 | D:11     | Noticed a two-headed ogre
 15135 | D:11     | Killed a two-headed ogre
 15212 | D:11     | Gained mutation: Your thick and shaggy fur keeps you warm.
                  | (AC +3, rC+) [Felid growth]
 15212 | D:11     | Reached XP level 12. HP: 55/55 MP: 11/27
 15471 | D:11     | Reached skill level 11 in Spellcasting
 15640 | Lair:1   | Entered Level 1 of the Lair of Beasts
 15645 | Lair:1   | Offered knowledge of Mephitic Cloud by Vehumet.
 15717 | Lair:1   | Found a transporter.
 15717 | Lair:1   | Noticed vurker's ghost (journeyman TeAE)
 15728 | Lair:1   | Found a gate leading to a gauntlet.
 15762 | Gauntlet | Entered a Gauntlet
 15762 | Gauntlet | Found a runed translucent door.
 15762 | Gauntlet | Found a transporter.
 15762 | Gauntlet | Found a runed translucent door.
 15762 | Gauntlet | Found a transporter.
 15783 | Gauntlet | Found a transporter.
 15792 | Gauntlet | Found a transporter.
 15792 | Gauntlet | Found a transporter.
 15794 | Gauntlet | Found a transporter.
 15794 | Gauntlet | Found a transporter.
 15795 | Gauntlet | Found a transporter.
 15808 | Gauntlet | Found a transporter.
 15824 | Gauntlet | Found a transporter.
 15833 | Gauntlet | Found the ring of Shadows {Umbra +Inv Stlth+}
 15834 | Gauntlet | Found a transporter.
 15837 | Gauntlet | Noticed a great orb of eyes
 15848 | Gauntlet | Found a transporter.
 15868 | Gauntlet | Found a transporter.
 15880 | Gauntlet | Found a transporter.
 15950 | Gauntlet | Identified the +4 lajatang of Vovvowam {vorpal, rF+ rC+
                  | Str+3}
 16253 | Gauntlet | Noticed a minotaur
 17066 | Gauntlet | Hit by a javelin thrown by a minotaur
 17067 | Gauntlet | Reached XP level 11. HP: -24/46 MP: 13/27
 17071 | Gauntlet | Got the Disquisition on the Escort and Lightness
 17204 | Lair:1   | Found a transporter.
 17255 | Lair:1   | Noticed a four-headed hydra
 17270 | Lair:1   | Noticed a five-headed hydra
 17283 | Lair:1   | Killed a four-headed hydra
 17550 | Lair:1   | Reached *** piety under Vehumet
 18866 | Lair:2   | Offered knowledge of Conjure Flame by Vehumet.
 19139 | Lair:2   | Learned a level 7 spell: Ozocubu's Refrigeration
 19397 | Lair:2   | Noticed a wolf spider
 19398 | Lair:2   | Noticed a wolf spider
 19414 | Lair:1   | Slain by a wolf spider
 19415 | Lair:1   | Reached XP level 10. HP: 0/49 MP: 12/26
 19516 | Lair:1   | Found a transporter.
 19543 | Lair:1   | Found a transporter.
 19703 | Lair:1   | Killed a wolf spider
 19704 | Lair:1   | Reached skill level 10 in Dodging
 20012 | Lair:2   | Killed a wolf spider
 20013 | Lair:2   | Reached skill level 1 in Ice Magic
 20261 | Lair:2   | Found a hole to the Spider Nest.
 20298 | Lair:2   | Noticed a cane toad
 20301 | Lair:2   | Killed a cane toad
 20302 | Lair:2   | Reached XP level 11. HP: 53/53 MP: 17/27
 20733 | Lair:3   | Noticed Snorg
 20733 | Lair:3   | Found a glowing golden altar of the Shining One.
 21302 | Lair:2   | Found a hole to the Spider Nest.
 21970 | Lair:2   | Killed Snorg
 22241 | Lair:2   | Found a hole to the Spider Nest.
 23119 | Lair:3   | Reached skill level 12 in Spellcasting
 23628 | Lair:3   | Found a runed translucent door.
 23628 | Lair:3   | Noticed Crownlay's ghost (journeyman HOFi)
 23842 | Lair:3   | Noticed an oklob plant
 23909 | Lair:3   | Killed an oklob plant
 23958 | Lair:3   | Noticed an oklob plant
 24476 | Lair:3   | Killed an oklob plant
 24601 | Lair:3   | Noticed an oklob plant
 24608 | Lair:3   | Killed an oklob plant
 24654 | Lair:3   | Noticed an oklob plant
 24938 | Lair:3   | Killed an oklob plant
 25265 | Lair:4   | HP: 1/42 [poisoned by a killer bee]
 25590 | Lair:4   | Noticed a seven-headed hydra
 25595 | Lair:4   | Killed a seven-headed hydra
 25597 | Lair:4   | Reached **** piety under Vehumet
 25617 | Lair:3   | Reached XP level 12. HP: 40/54 MP: 5/29
 25853 | Lair:4   | Offered knowledge of Irradiate by Vehumet.
 25956 | Lair:4   | Found a staircase to the Swamp.
 26700 | Lair:4   | Reached skill level 5 in Ice Magic
 27350 | Lair:4   | Noticed a death yak
 27504 | Lair:4   | Killed a death yak
 27505 | Lair:4   | Reached skill level 13 in Spellcasting
 28019 | Lair:5   | Reached skill level 10 in Fighting
 29875 | Lair:5   | Reached XP level 13. HP: 61/61 MP: 18/31
 29881 | Lair:5   | Identified the +3 pair of boots of Tailael {rC+ Dex+3}
 30449 | Lair:6   | Entered Level 6 of the Lair of Beasts
 31384 | Lair:6   | Found a staircase to the Slime Pits.
 31385 | Lair:6   | Found a viscous altar of Jiyva.
 32432 | Lair:6   | Noticed a fire dragon
 32433 | Lair:6   | Found a large runed translucent door.
 32434 | Lair:6   | Found a large runed translucent door.
 32586 | Lair:6   | Reached ***** piety under Vehumet
 32653 | Lair:6   | Offered knowledge of Iskenderun's Battlesphere by Vehumet.
 33406 | Orc:1    | Entered Level 1 of the Orcish Mines
 33778 | Orc:1    | Reached skill level 14 in Spellcasting
 33906 | Orc:1    | Found a transporter.
 34024 | Orc:2    | Entered Level 2 of the Orcish Mines
 34159 | Orc:2    | Found a frozen archway.
 34160 | Orc:2    | Noticed Donald
 34241 | Orc:2    | Killed Donald
 34284 | IceCv    | Entered an ice cave
 36232 | Orc:2    | Reached XP level 14. HP: 47/61 MP: 0/33
 36249 | Orc:2    | Learned a level 4 spell: Olgreb's Toxic Radiance
 36809 | Orc:2    | Reached skill level 1 in Poison Magic
 37311 | Orc:2    | Found Paisyon's Antique Weapon Shop.
 37311 | Orc:2    | Found Xuewatz's Jewellery Shoppe.
 37315 | Orc:2    | Found Guowkebb's Weapon Shop.
 37315 | Orc:2    | Found Uve Qary's Magic Scroll Shoppe.
 37329 | Orc:2    | Bought a scroll of teleportation for 48 gold pieces
 37329 | Orc:2    | Bought a scroll of fog for 32 gold pieces
 37329 | Orc:2    | Bought a scroll of fear for 56 gold pieces
 37350 | Orc:2    | Found a staircase to the Elven Halls.
 37427 | Orc:2    | Found Duheaps's Book Boutique.
 37800 | Orc:1    | Noticed a stone giant
 38036 | D:12     | Found Cixkogh's CLEARANCE SALE!.
 38099 | D:12     | Found a runed translucent gate.
 38099 | D:12     | Found a runed translucent gate.
 38099 | D:12     | Found a runed translucent gate.
 38276 | D:12     | Noticed Tungsten's ghost (journeyman NaEn)
 38280 | D:12     | Found an iron altar of Okawaru.
 38448 | D:12     | Offered knowledge of Conjure Ball Lightning by Vehumet.
 38770 | D:11     | Learned a level 6 spell: Conjure Ball Lightning
 39097 | D:12     | Found Cixkogh's CLEARANCE SALE!.
 40218 | D:13     | Found a stormy altar of Qazlal.
 41466 | D:14     | Found an iron altar of Okawaru.
 41582 | D:14     | Identified the +1 robe of Nihilism {+Blink rN+}
 41812 | D:14     | Paralysed by an ogre mage for 5 turns
 41950 | D:14     | Shot with an arrow by a centaur warrior
 41951 | D:14     | Reached XP level 13. HP: -15/63 MP: 19/32
 42835 | D:14     | Found a gate to the Vaults.
 42993 | D:14     | Found a white marble altar of Elyvilon.
 43206 | D:15     | Entered Level 15 of the Dungeon
 44192 | D:15     | Shot with an arrow by a centaur warrior
 44193 | D:15     | Reached XP level 12. HP: -1/60 MP: 11/31
 44270 | D:15     | HP: 1/60 [centaur warrior/arrow (31)]
 44275 | D:15     | Killed a centaur warrior
 44276 | D:15     | Reached XP level 13. HP: 15/63 MP: 6/32
 44911 | D:15     | Reached skill level 15 in Spellcasting
 45585 | D:15     | Reached skill level 10 in Ice Magic
 46022 | D:15     | Slain by a two-headed ogre

Illustrated notes

Levels and vault maps discovered:
D:1:      minmay_arrival_shattered_statue, layout_rooms
D:2:      layout_basic, ebering_ecumenical_altar_box,
          chequers_serial_rivers_micro_d
D:3:      layout_rooms, gammafunk_ghost_abyssal_escape, minmay_unequal
D:4:      layout_layer_cave, enter_ossuary_1
D:5:      layout_loops_ring, lemuel_flame_loot_1, uniq_edmund
D:6:      layout_basic, minivault_1
D:7:      layout_rooms, minmay_temple_entry_ruins, serial_undead,
          serial_undead_f, serial_undead_a, serial_undead_a, serial_undead_a,
          serial_shops, kennysheep_mini, uniq_duvessa
D:8:      layout_loops_cross, nzn_wu_jian_council_hall,
          grunt_lair_entry_orc_guard_hut, nicolae_two_hexagons,
          minmay_strange_pillars
D:9:      layout_long_grid, orc_0_dummy
D:10:     layout_gridville, onia_ninara_cookie
D:11:     layout_rooms
D:12:     layout_cave_pools, gammafunk_ghost_fury_of_okawaru,
          nicolae_shop_clearance
D:13:     layout_grid_maze, nicolae_qazlal_general_emergency
D:14:     layout_irregular_city, hangedman_vaults_entry_quadrant_bands,
          elyvilon_altar_3, kennysheep_okawaru_gauntlet
D:15:     gammafunk_enter_depths_forms, layout_loops_ring,
          minmay_misc_feat_ornament
Temple:   compressed_dpeg_triangle_lava_temple
Lair:1:   layout_layer_cave, gauntlet_entry_generic,
          gammafunk_ghost_berserking_beasts, st_stairs_5,
          chequers_serial_rivers_micro_a, serial_bayou_lagoon_b
Lair:2:   layout_layer_cave, spider_nest_entry_funnel_web, fungi_pond_lemuel,
          grunt_megastairs_4, serial_bayou_shore_a
Lair:3:   minmay_lair_oklob_tunnel, layout_loops_ring, gammafunk_ghost_grave,
          basic_altar, uniq_snorg
Lair:4:   regret_index_tunnel_blossom, layout_long_grid,
          skrybe_swamp_entry_bodies, beast_lair_carwin_9
Lair:5:   layout_misc_corridors, minmay_stone_trees_medium, dpeg_oklob_1
Lair:6:   cheibrodos_lair_end_hotspot, layout_loops_ring, slime_altar_1
Orc:1:    emtedronai_trogs_sanctum, layout_diamond_mine
Orc:2:    grunt_orc_tribal_feast, layout_caves, portal_ice_cave_entry_pillars_1,
          serial_shops, nicolae_diamond_shop, enter_volcano_2, uniq_donald

Skill      XL: |  1  2  3  4  5  6  7  8  9 10 11 12 13 14 |
---------------+-------------------------------------------+-----
Conjurations   | 1 2 3 |  3.0
Air Magic      | 3 4 6 7 8 12 11 13 | 13.7
Fighting       | 1 2 4 5 9 8 10 11 | 11.7
Spellcasting   | 3 4 6 8 9 12 13 15 | 15.1
Dodging        | 5 10 8 9 | 10.0
Ice Magic      | 1 4 6 10 9 | 10.1
Poison Magic   | 3 |  3.0
Stealth        | |  2.6

Action                   |  1- 3 |  4- 6 |  7- 9 | 10-12 | 13-15 || total
-------------------------+-------+-------+-------+-------+-------++-------
Melee: Unarmed           |     1 |     7 |     1 |     7 |    13 ||    29
       Bite              |       |     1 |       |     1 |     3 ||     5
 Cast: Shock             |    65 |   236 |   143 |   132 |   104 ||   680
       Airstrike         |       |       |    63 |   688 |   848 ||  1599
       Olgreb's Toxic Ra |       |       |       |       |     2 ||     2
 Abil: Evoke Invisibilit |       |       |       |     1 |       ||     1
Evoke: Wand              |       |       |     1 |     8 |    10 ||    19
  Use: Scroll            |       |     7 |     8 |    15 |     6 ||    36
       Potion            |       |       |     1 |     8 |     9 ||    18
 Stab: Paralysed         |       |       |       |       |     8 ||     8
Armor: Skin              |     1 |     2 |     5 |    63 |    17 ||    88
Dodge: Dodged            |    14 |    54 |    29 |   274 |   369 ||   740

Table legend: (Time is in decaauts)
 A = Elapsed time spent in this place.
 B = Non-inter-level travel time spent in this place.
 C = Inter-level travel time spent in this place.
 D = Time resting spent in this place.
 E = Time spent auto-exploring this place.
 F = Levels seen in this place.
 G = Mean time per level.
                   A        B        C        D        E       F      G
               +--------+--------+--------+--------+--------+-----+--------+
         Total |  41762 |  40522 |   1240 |   5319 |  28954 |  27 | 1546.7 |
       Dungeon |  20177 |  19467 |    710 |   1261 |  15179 |  15 | 1345.1 |
        Temple |     55 |     51 |      4 |      0 |     41 |   1 |   55.0 |
          Lair |  14877 |  14494 |    383 |   2785 |  10104 |   6 | 2479.5 |
  Orcish Mines |   2540 |   2398 |    142 |    229 |   1673 |   2 | 1270.0 |
       Ossuary |   1338 |   1338 |      0 |      3 |    970 |   1 | 1338.0 |
      Ice Cave |   1597 |   1597 |      0 |    988 |    227 |   1 | 1597.0 |
      Gauntlet |   1176 |   1176 |      0 |     53 |    757 |   1 | 1176.0 |
               +--------+--------+--------+--------+--------+-----+--------+

Top non-repeatable levels by time:
  Lair:2: 3475 daAuts
  Lair:3: 2630 daAuts
  Lair:6: 2569 daAuts
    D:14: 2477 daAuts
  Lair:5: 2457 daAuts
    D:15: 2149 daAuts
  Lair:4: 2006 daAuts
    D:10: 1773 daAuts
  Lair:1: 1738 daAuts
   Orc:2: 1615 daAuts
   IceCv: 1597 daAuts
     D:4: 1483 daAuts
     D:5: 1405 daAuts
     D:6: 1366 daAuts
 Ossuary: 1338 daAuts
